Map: [ESL] Goldenaura

Players

Misaki

  • Race: Zerg Zerg
  • Spawn Location: 5:00

Oliveira - Winner!

  • Race: Terran Terran
  • Spawn Location: 12:00

Event: ESL SC2 Masters 2024 Spring (Regional)

VOD

Have the link to the VOD?

Description

Time

  • Played on: April 10, 2024, 6:42 a.m.
  • Length: 6:36

All games in this series

Show
View Real Time Build Order
Export as new Build Order

Misaki Zerg 

Build Orders: Hatch First 

Get SALT Encoding   

  12  0:00  Drone  
  13  0:07  Drone  
  14  0:16  Overlord  
  14  0:35  Drone x2  
  16  0:47  Hatchery  
  15  0:51  Drone  
  15  0:55  Drone  
  17  0:59  Drone  
  18  1:08  Extractor  
  17  1:14  Spawning Pool  
  17  1:17  Drone  
  17  1:20  Drone  
  18  1:29  Drone  
  19  1:40  Drone  
  20  1:51  Drone  
  21  2:00  Queen x2  
  26  2:01  Zergling x2  
  26  2:02  Zergling x2  
  27  2:10  Overlord  
  27  2:20  Hatchery  
  27  2:22  Drone  
  27  2:25  Drone  
  28  2:31  Metabolic Boost  
  28  2:33  Drone  
  28  2:35  Drone  
  29  2:40  Drone  
  30  2:47  Queen  
  30  2:49  Drone  
  33  2:53  Drone  
  33  2:54  Drone  
  33  2:57  Overlord  
  35  3:05  Overlord  
  35  3:16  Drone  
  35  3:17  Drone x4  
  40  3:24  Queen  
  40  3:26  Queen  
  43  3:29  Zergling x4  
  43  3:32  Zergling x2  
  46  3:36  Drone x2  
  46  3:39  Queen  
  50  3:43  Drone  
  50  3:45  Drone  
  50  3:47  Drone x2  
  54  3:50  Drone x2  
  54  3:54  Overlord  
  54  3:55  Drone  
  57  3:56  Drone  
  57  4:00  Overlord  
  58  4:11  Queen  
  58  4:14  Zergling x2  
  60  4:20  Drone x6  
  60  4:22  Zergling x6  
  67  4:25  Drone, Queen  
  67  4:26  Spore Crawler  
  69  4:37  Drone  
  69  4:38  Drone  
  67  4:42  Drone  
  67  4:45  Drone  
  64  4:46  Drone  
  64  4:49  Drone x2  
  64  4:51  Overlord  
  67  4:55  Drone x4  
  67  4:57  Lair  
  67  4:58  Drone  
  69  5:00  Drone  
  69  5:04  Drone  
  71  5:07  Drone  
  71  5:10  Drone  
  71  5:12  Baneling Nest, Extractor x2, Drone  
  70  5:14  Drone  
  70  5:16  Drone x2  
  70  5:18  Hatchery  
  70  5:20  Drone x4  
  76  5:28  Drone x4  
  80  5:34  Zergling x2  
  81  5:37  Hatchery  
  81  5:38  Drone x2  
  81  5:39  Drone, Extractor  
  82  5:47  Overlord  
  82  5:51  Evolution Chamber  
  82  5:53  Evolution Chamber  
  82  5:54  Overlord  
  82  5:56  Zergling x6  
  81  6:05  Zergling x2  
  81  6:12  Zergling x16  
  81  6:15  Drone x2  
  81  6:16  Drone  
  73  6:20  Drone x2  
  73  6:21  Drone  
  73  6:24  Drone x4  
Show
View Real Time Build Order
Export as new Build Order

Oliveira Terran - Winner!

Build Orders: Gas First Reaper Expand, Hellion Opening 

Get SALT Encoding   

  12  0:00  SCV  
  13  0:13  SCV  
  14  0:17  Supply Depot  
  14  0:25  SCV  
  15  0:28  Refinery  
  15  0:38  SCV  
  16  0:45  Barracks  
  16  0:50  SCV  
  17  1:03  SCV  
  18  1:15  SCV  
  19  1:32  Orbital Command, Reaper  
  20  1:43  Command Center  
  20  1:56  Factory  
  20  1:58  SCV  
  21  2:07  Refinery  
  21  2:08  Barracks Reactor  
  21  2:11  SCV  
  22  2:17  Supply Depot  
  22  2:23  SCV  
  23  2:39  SCV  
  23  2:42  Starport  
  24  2:48  Hellion x2  
  24  2:50  Marine  
  29  2:55  SCV  
  29  3:00  Orbital Command  
  29  3:07  SCV  
  29  3:08  Marine  
  29  3:12  Hellion  
  33  3:17  Hellion  
  35  3:21  Medivac  
  37  3:29  Armory  
  37  3:31  Marine  
  38  3:35  Hellion  
  38  3:39  Hellion  
  38  3:41  SCV  
  43  3:46  Supply Depot  
  43  3:47  SCV  
  44  3:59  SCV  
  44  4:00  SCV  
  46  4:08  Liberator, Hellion  
  51  4:10  Supply Depot  
  51  4:11  Hellion  
  48  4:24  SCV x2  
  50  4:41  Hellion x2  
  50  4:44  SCV  
  52  4:45  SCV  
  52  4:49  Command Center  
  52  4:50  Barracks Tech Lab  
  46  4:56  SCV  
  46  4:58  SCV  
  46  4:59  Liberator  
  51  5:06  Hellion x2  
  55  5:08  SCV  
  55  5:10  SCV  
  55  5:11  Supply Depot, Marine  
  58  5:20  SCV  
  59  5:22  SCV  
  59  5:26  Barracks  
  60  5:32  SCV  
  60  5:34  SCV  
  62  5:35  Factory Reactor  
  62  5:36  Barracks  
  62  5:39  Engineering Bay x2  
  62  5:45  SCV  
  62  5:46  SCV  
  62  5:48  Starport Reactor  
  64  5:50  Refinery  
  65  5:57  SCV, Refinery  
  65  5:59  SCV  
  65  6:00  Supply Depot, Marine  
  65  6:02  Barracks  
  65  6:03  Barracks  
  67  6:07  SCV  
  67  6:09  SCV  
  65  6:21  SCV  
  58  6:31  Factory Tech Lab  
Tags
 
Add a new tag
Caveats
  • Supply blocks, unpowered buildings, or Contaminate may cause inaccurate times.
  • Supply counts are checked every 10 seconds.